AoeStats
← s31415

Arena

510160109Analyzed
1v1 RM · 2d ago on Sep 29, 2026· 52m 30s· 2 players
Game mode
Random Map
Map size
Tiny (2 player)
Population
200
Speed
Normal
Resources
Standard
Victory
Conquest
Starting age
Dark Age
Ending age
Imperial Age
RankedLock teamsTeams togetherTeam positionsShared explorationLock speedFull tech treeHidden civsTurbo modeCheats
Victory
Defeat
🇭🇺 Mongols · Hungary
827
+15
🇹🇷 Britons · Türkiye
809
-39
BaranN
12:48 Feudal Age
16:47 Wheelbarrow
15:59 Loom
19:38 Padded Archer Armor
19:29 Fletching
22:40 Castle Age
24:35 Double-Bit Axe
24:34 Crossbowman
25:38 Leather Archer Armor
25:20 Bodkin Arrow
27:24 Hand Cart
27:09 Gold Mining
27:11 Stone Mining
28:25 Light Cavalry
34:45 Ballistics
34:35 Treadmill Crane
36:38 Gold Shaft Mining
39:50 Imperial Age
38:38 Yeomen
43:20 Ring Archer Armor
42:51 Bracer
42:57 Scale Barding Armor
43:48 Bow Saw
43:48 Pikeman
44:55 Halberdier
46:39 Hoardings
47:30 Arbalester
s31415
8:36 Feudal Age
9:03 Double-Bit Axe
11:15 Horse Collar
14:35 Loom
17:25 Castle Age
18:28 Wheelbarrow
23:26 Heavy Plow
23:49 Bow Saw
24:08 Light Cavalry
26:51 Bloodlines
26:57 Scale Barding Armor
27:37 Ballistics
28:01 Fletching
28:16 Gold Mining
29:09 Stone Mining
30:49 Hand Cart
31:04 Husbandry
31:38 Town Watch
32:31 Gold Shaft Mining
32:33 Town Patrol
36:12 Imperial Age
34:25 Murder Holes
34:30 Bodkin Arrow
34:46 Forging
35:22 Fortified Wall
37:40 Parthian Tactics
38:35 Stone Shaft Mining
37:30 Heavy Cavalry Archer
39:10 Conscription
39:44 Hussar
40:46 Siege Engineers
41:55 Chemistry
42:05 Bracer
42:05 Padded Archer Armor
42:26 Chain Barding Armor
42:42 Iron Casting
44:05 Leather Archer Armor
48:05 Blast Furnace
Connection lost

Rejoining the realm…

Still unreachable

The connection could not be restored.

Session expired

The server has moved on; the page needs a fresh start.